 Dungeon Crawl Stone Soup version 0.25.0-11-g1f837a76a1 (webtiles) character file.

Game seed: 7781790686282740498

16436 Delamore the Basher (level 12, -10/80 HPs)
             Began as a Gargoyle Fighter on June 27, 2020.
             Was a High Priest of Okawaru.
             Mangled by a white ugly thing (33 damage)
             ... in an ice cave.
             The game lasted 00:20:19 (11954 turns).

Delamore the Basher (Gargoyle Fighter)             Turns: 11954, Time: 00:20:20

Health: -10/80     AC: 26    Str: 35    XL:     12   Next: 37%
Magic:  12/12      EV:  9    Int:  9    God:    Okawaru [*****.]
Gold:   279        SH:  6    Dex:  9    Spells: 11/11 levels left

rFire    + + .     SeeInvis +   B - +2 flail (protect)
rCold    . . .     Gourm    .   n - +0 buckler {AC+3}
rNeg     + . .     Faith    .   W - +0 chain mail of the Dice {rF+}
rPois    ∞         Spirit   .   (no helmet)
rElec    +         Reflect  .   r - +0 cloak
rCorr    .         Harm     .   O - +0 pair of gloves of the Hills {rF+ Str+4}
MR       .....                  A - +2 pair of boots
Stlth    ..........             (no amulet)
HPRegen  0.23/turn              x - +6 ring of strength
MPRegen  0.13/turn              F - ring of see invisible

@: very slightly contaminated
A: negative energy resistance 1, electricity resistance, unbreathing,
petrification resistance, rot immunity, AC +8
a: Heroism, Finesse, Renounce Religion


You were in an ice cave.
You worshipped Okawaru.
Okawaru was extremely pleased with you.
You were not hungry.

You visited 3 branches of the dungeon, and saw 12 of its levels.
You also visited: Ice Cave.

You collected 719 gold pieces.
You spent 440 gold pieces at shops.

Inventory:

Hand Weapons
 a - a +0 morningstar
 B - a +2 flail of protection (weapon)
 R - a +1 whip of flaming
Missiles
 y - 48 poisoned darts (quivered)
 T - 10 curare-tipped darts
Armour
 c - a +0 kite shield
 h - a +0 buckler
 n - a +0 buckler of protection (worn)
 r - a +0 cloak (worn)
 A - a +2 pair of boots (worn)
 O - the +0 pair of gloves of the Hills (worn) {rF+ Str+4}
   (You found it on level 9 of the Dungeon)

   It affects your strength (+4).
   It protects you from fire.
 Q - a +0 tower shield
 W - the +0 chain mail of the Dice (worn) {rF+}
   (You found it on level 1 of the Lair of Beasts)

   It protects you from fire.
Jewellery
 x - a +6 ring of strength (left hand)
 D - an uncursed ring of protection from fire
 F - a ring of see invisible (right hand)
 S - a cursed amulet of inaccuracy {unknown}
 U - a cursed amulet of inaccuracy {unknown}
Wands
 g - a wand of paralysis (15)
 u - a wand of digging (3)
 E - a wand of clouds (8)
 K - a wand of random effects (12)
 N - a wand of enslavement (14)
Scrolls
 b - a scroll of blinking
 e - 10 scrolls of teleportation
 k - a scroll of fog
 l - 11 scrolls of remove curse
 m - 3 scrolls of random uselessness
 q - 3 scrolls of amnesia
 s - 3 scrolls of magic mapping
 t - 3 scrolls of immolation
 v - a scroll of enchant armour
 G - 2 scrolls of noise
 I - a scroll of holy word
 J - 2 scrolls of torment
 L - a scroll of enchant weapon
 P - a scroll of vulnerability
Potions
 d - 2 potions of might
 i - 5 potions of curing
 o - 3 potions of mutation
 p - 2 potions of degeneration
 w - a potion of magic
 z - a potion of lignification
 H - a potion of cancellation {unknown}
 M - a potion of haste
Comestibles
 f - 13 rations


   Skills:
 - Level 11.1 Fighting
 + Level 14.5 Maces & Flails
 - Level 3.2 Armour
 + Level 10.1 Shields


You had 11 spell levels left.
You didn't know any spells.
Your spell library contained the following spells:

 Spells                   Type           Power        Failure   Level  Hunger
 Animate Skeleton         Necr           N/A          86%         1    ##.....
 Infusion                 Chrm           #...         86%         1    ##.....
 Pain                     Necr           #...         86%         1    ##.....
 Shock                    Conj/Air       #...         86%         1    ##.....
 Swiftness                Chrm/Air       #.......     94%         2    ###....
 Static Discharge         Conj/Air       #.......     99%         3    ####...
 Vampiric Draining        Necr           #.........   99%         3    ####...
 Airstrike                Air            #.........   100%        4    #####..
 Animate Dead             Necr           N/A          100%        4    #####..
 Agony                    Necr           #.......     100%        5    ######.
 Lightning Bolt           Conj/Air       #.........   100%        5    ######.


Dungeon Overview and Level Annotations

Branches:
Dungeon (9/15)             Temple (1/1) D:6            Lair (2/6) D:9
  IceCv (1/1)
  Swamp: Lair:2-4    Shoals: Lair:2-4     Snake: Lair:2-4    Spider: Lair:2-4
    Orc: D:9-12

Altars:
Ashenzari
Cheibriados
Dithmenos
Elyvilon
Fedhas
Gozag
Hepliaklqana
Kikubaaqudgha
Makhleb
Nemelex Xobeh
Okawaru
Qazlal
Ru
Sif Muna
Trog
Uskayaw
Vehumet
Wu Jian
Xom
Yredelemnul
Zin
The Shining One

Shops:
D:5 ?   D:6 (   D:8 ?

Annotations:
D:4 1 runed translucent door, triki's ghost, amateur FoAM
D:5 4 runed translucent doors


Innate Abilities, Weirdness & Mutations

You are resistant to torment.
Your stone body is resilient. (AC +8)
You are immune to poison.
You resist negative energy. (rN+)
You are resistant to electric shocks. (rElec)
You can survive without breathing.
You are immune to petrification.
You are immune to rotting.


Message History

Press: ? - help, Shift-Dir - straight line, f/p - white ugly thing
Aim: a white ugly thing (heavily wounded, poisoned)
You throw a poisoned dart.
The poisoned dart hits the white ugly thing.
The white ugly thing is heavily wounded.
The white ugly thing gores you but does no damage.
Throwing (i - inventory. (/) - cycle)
y - 49 poisoned darts (quivered)
Press: ? - help, Shift-Dir - straight line, f/p - white ugly thing
Aim: a white ugly thing (heavily wounded, poisoned)
You throw a poisoned dart.
The poisoned dart barely misses the white ugly thing.
The white ugly thing misses you.
Quiver which item? (- for none, * to show all) (? for menu, Esc to quit)
Okay, then.
You barely miss the white ugly thing.
The white ugly thing is heavily wounded.
The white ugly thing gores you!
* * * LOW HITPOINT WARNING * * *
The white ugly thing freezes you!!
You die...

###########
#.........#
#....∩....#
#.........#
#.........#
#....∩....#
##.......##
##.....##
###@###
##..u..##
##...(...##
#.........#
#.........#
#(.......)#
#!........#
#$)..(...)#
#####.#####


You could see a white ugly thing (poisoned).

Vanquished Creatures
  3 hydras (Lair:1)
  A two-headed ogre (D:8)
  An elephant (Lair:1)
  A black mamba (Lair:2)
  3 komodo dragons
  7 spiny frogs
  3 rime drakes (Lair:2)
  A polar bear (Lair:1)
  4 blink frogs
  2 hippogriffs
  Sigmund (D:3)
  5 yaks (D:9)
  A basilisk (Lair:2)
  Edmund (D:4)
  6 water moccasins
  4 orc warriors
  2 porcupines
  A black bear (D:7)
  7 sky beasts
  7 ice beasts
  An eye of draining (D:9)
  6 centaurs
  2 ogres (D:5)
  4 phantoms
  12 crocodiles
  3 big kobolds
  6 bullfrogs
  A wyvern skeleton (D:6)
  A scorpion (D:7)
  6 killer bees (D:8)
  11 wights (D:8)
  4 howler monkeys
  An electric eel (Lair:1)
  5 crimson imps
  A hound (D:5)
  2 jellies (D:5)
  Crazy Yiuf (D:2)
  2 orc priests
  2 bullfrog skeletons
  3 iguanas (D:9)
  Ijyb (D:2)
  4 orc wizards
  5 worker ants
  A hound zombie (D:7)
  A hound skeleton (D:6)
  A howler monkey skeleton (D:7)
  A worker ant zombie (D:7)
  A gnoll (D:7)
  10 adders
  A shadow imp (D:6)
  2 oozes
  3 adder skeletons
  A worm (D:3)
  A dart slug (D:1)
  4 leopard geckos
  31 orcs
  7 giant cockroaches
  5 goblins
  5 hobgoblins
  7 jackals (D:1)
  4 quokkas
  3 ball pythons
  7 bats
  8 frilled lizards
  A jackal skeleton (D:5)
  16 kobolds
  A quokka zombie (D:8)
  8 rats
  A fungus (D:6)
276 creatures vanquished.

Vanquished Creatures (others)
  A fungus (Lair:1)
  4 plants (D:9)
  4 toadstools (D:6)
9 creatures vanquished.

Grand Total: 285 creatures vanquished

Notes
Turn   | Place    | Note
-------+----------+-------------------------------------------
     0 | D:1      | Delamore the Gargoyle Fighter began the quest for the Orb.
     0 | D:1      | Reached XP level 1. HP: 14/14 MP: 1/1
   200 | D:1      | Reached XP level 2. HP: 19/19 MP: 2/2
   276 | D:1      | Reached skill level 3 in Maces & Flails
   413 | D:1      | Reached XP level 3. HP: 23/23 MP: 3/3
  1062 | D:2      | Reached XP level 4. HP: 28/28 MP: 4/4
  1126 | D:2      | Found a runed translucent door.
  1127 | D:2      | Noticed Crazy Yiuf
  1658 | D:2      | Found a glowing golden altar of the Shining One.
  1658 | D:2      | Found a burning altar of Makhleb.
  1751 | D:2      | Killed Crazy Yiuf
  1751 | D:2      | Reached skill level 4 in Maces & Flails
  1923 | D:3      | Noticed Ijyb
  1954 | D:3      | Paralysed by Ijyb for 5 turns
  1979 | D:2      | Paralysed by Ijyb for 6 turns
  1987 | D:2      | Killed Ijyb
  1987 | D:2      | Reached XP level 5. HP: 28/32 MP: 5/5
  2300 | D:3      | Noticed Sigmund
  2341 | D:3      | Reached skill level 5 in Maces & Flails
  2408 | D:3      | Killed Sigmund
  2408 | D:3      | Reached skill level 6 in Maces & Flails
  2408 | D:3      | Reached XP level 6. HP: 37/37 MP: 6/6
  3147 | D:4      | Found a runed translucent door.
  3185 | D:4      | Noticed triki's ghost (amateur FoAM)
  3188 | D:4      | Noticed Edmund
  3205 | D:4      | Killed Edmund
  3205 | D:4      | Reached skill level 7 in Maces & Flails
  3205 | D:4      | Reached XP level 7. HP: 27/41 MP: 7/7
  3416 | D:4      | Reached skill level 8 in Maces & Flails
  3912 | D:5      | Entered Level 5 of the Dungeon
  3967 | D:5      | Reached XP level 8. HP: 48/48 MP: 8/8
  4009 | D:5      | Found a large runed translucent door.
  4010 | D:5      | Found a large runed translucent door.
  4013 | D:5      | Noticed a troll
  4219 | D:5      | Found a large runed translucent door.
  4220 | D:5      | Found a large runed translucent door.
  4270 | D:5      | Reached skill level 5 in Fighting
  4442 | D:5      | Reached skill level 9 in Maces & Flails
  4494 | D:5      | Found a shimmering blue altar of Sif Muna.
  4495 | D:5      | Found an ancient bone altar of Kikubaaqudgha.
  4496 | D:5      | Found a radiant altar of Vehumet.
  4500 | D:5      | Identified Sif Muna's Catalogue of Talismans
  4674 | D:5      | Found Puubbehe's Magic Scroll Shop.
  4679 | D:5      | Bought a scroll of blinking for 82 gold pieces
  4679 | D:5      | Bought a scroll of teleportation for 33 gold pieces
  4679 | D:5      | Bought a scroll of remove curse for 33 gold pieces
  4679 | D:5      | Bought a scroll of random uselessness for 11 gold pieces
  4679 | D:5      | Bought a scroll of holy word for 82 gold pieces
  4999 | D:6      | Found Fethrof's Antique Weapon Boutique.
  5087 | D:6      | Found an opulent altar of Gozag.
  5088 | D:6      | Found a glowing silver altar of Zin.
  5135 | D:6      | Reached XP level 9. HP: 56/56 MP: 9/9
  5230 | D:5      | Bought a scroll of identify for 22 gold pieces
  5230 | D:5      | Bought a scroll of identify for 22 gold pieces
  5230 | D:5      | Bought a scroll of identify for 22 gold pieces
  5230 | D:5      | Bought a scroll of amnesia for 38 gold pieces
  5249 | D:6      | Found a blossoming altar of Fedhas.
  5344 | D:6      | Reached skill level 10 in Maces & Flails
  5555 | D:6      | Found a staircase to the Ecumenical Temple.
  5600 | Temple   | Entered the Ecumenical Temple
  5699 | Temple   | Became a worshipper of Warmaster Okawaru
  6619 | D:7      | Reached * piety under Okawaru
  7082 | D:7      | Reached skill level 11 in Maces & Flails
  7292 | D:8      | Noticed a two-headed ogre
  7310 | D:7      | Reached XP level 10. HP: 56/66 MP: 10/10
  7394 | D:8      | Killed a two-headed ogre
  7394 | D:8      | Reached ** piety under Okawaru
  7410 | D:8      | Reached skill level 10 in Fighting
  7497 | D:8      | Found Puwkaitymu's Magic Scroll Emporium.
  7500 | D:8      | Bought a scroll of enchant weapon for 75 gold pieces
  7500 | D:8      | Bought a scroll of identify for 20 gold pieces
  8073 | D:8      | Reached skill level 12 in Maces & Flails
  8326 | D:9      | Got a pair of slimy gloves
  8332 | D:9      | Identified the +0 pair of gloves of the Hills {rF+ Str+4}
                  | (You found it on level 9 of the Dungeon)
  8400 | D:9      | Reached *** piety under Okawaru
  8721 | D:9      | Reached **** piety under Okawaru
  8721 | D:9      | Reached XP level 11. HP: 56/74 MP: 5/11
  8731 | D:9      | Reached skill level 5 in Shields
  8855 | D:9      | Found a staircase to the Lair.
  9173 | Lair:1   | Entered Level 1 of the Lair of Beasts
  9594 | Lair:1   | Reached skill level 13 in Maces & Flails
  9898 | Lair:1   | Noticed a six-headed hydra
  9917 | Lair:1   | Killed a six-headed hydra
 10201 | Lair:1   | Noticed an eight-headed hydra
 10214 | Lair:1   | Killed an eight-headed hydra
 10217 | Lair:1   | Reached ***** piety under Okawaru
 10924 | Lair:1   | Noticed a seven-headed hydra
 10932 | Lair:1   | Killed a seven-headed hydra
 10932 | Lair:1   | Received a gift from Okawaru
 10932 | Lair:1   | Reached skill level 14 in Maces & Flails
 10932 | Lair:1   | Reached XP level 12. HP: 59/80 MP: 12/12
 11048 | Lair:1   | Got a sapphire-encrusted chain mail
 11059 | Lair:1   | Identified the +0 chain mail of the Dice {rF+} (You found
                  | it on level 1 of the Lair of Beasts)
 11393 | Lair:2   | Received a gift from Okawaru
 11605 | Lair:2   | Found a frozen archway.
 11630 | Lair:2   | Received a gift from Okawaru
 11630 | Lair:2   | Reached skill level 10 in Shields
 11908 | IceCv    | Entered an ice cave
 11954 | IceCv    | Mangled by a white ugly thing

Illustrated notes

Levels and vault maps discovered:
D:1:      dpeg_arrival_rooms_with_view, layout_loops_ring
D:2:      layout_loops_cross, gammafunk_temple_overflow_pools,
          kennysheep_pointless_box, uniq_crazy_yiuf_cottage
D:3:      layout_loops_ring, first_ration, kennysheep_generic_room_5,
          uniq_sigmund, uniq_ijyb
D:4:      layout_basic, ebering_ghost_reflecting_pool, uniq_edmund
D:5:      layout_basic, grunt_temple_overflow_magic_moments, serial_shops,
          nicolae_shop_trees, minmay_hollow_rounded_squares
D:6:      layout_cave_pods, grunt_temple_overflow_gold_and_silver,
          minmay_temple_entry_waves, serial_shops, nicolae_shop_behind_doors,
          minmay_gold_behind_fungi, fedhas_altar_2
D:7:      minmay_clustersquares, layout_loops_ring
D:8:      layout_loops_ring, serial_shops, kennysheep_mini_moat
D:9:      layout_basic, david_lair_shrubbed
Temple:   regret_index_temple_waves
Lair:1:   cheibrodos_lair_river_kwai, layout_chaotic_city,
          hangedman_lair_generics_rect, grunt_megastairs_5,
          infiniplex_staircase_pool
Lair:2:   layout_long_grid, portal_ice_cave_rime, grunt_megastairs_1
IceCv:    ice_cave_statue_garden_chambered

Skill      XL: |  1  2  3  4  5  6  7  8  9 10 11 12 |
---------------+-------------------------------------+-----
Maces & Flails | 3 4 6 7 8 9 11 12 14 | 14.5
Shields        | 4 9 10 | 10.1
Fighting       | 4 6 9 11 | 11.1
Armour         | |  3.2

Action                   |  1- 3 |  4- 6 |  7- 9 | 10-12 || total
-------------------------+-------+-------+-------+-------++-------
Melee: Flail             |   122 |   153 |   388 |   575 ||  1238
Throw: Dart              |       |       |     8 |     3 ||    11
       Javelin           |       |       |       |    15 ||    15
Invok: Heroism           |       |       |       |     5 ||     5
Evoke: Wand              |       |     3 |       |       ||     3
  Use: Scroll            |       |       |    11 |     6 ||    17
       Potion            |       |       |       |     4 ||     4
 Stab: Paralysed         |       |     9 |       |       ||     9
  Eat: Chunk             |     1 |     6 |    14 |    15 ||    36
Armor: Scale mail        |    85 |    43 |       |       ||   128
       Ring mail         |       |    70 |       |       ||    70
       Chain mail        |       |       |   106 |    61 ||   167
       Plate armour      |       |       |   136 |   290 ||   426
Dodge: Dodged            |    66 |    86 |   133 |   179 ||   464
Block: Kite shield       |    11 |       |       |       ||    11
       Buckler           |    30 |    29 |    66 |   102 ||   227
